 Dungeon Crawl Stone Soup version 0.21-a0-1-gaf3b9a5 (webtiles) character file.

58 Monsterracer the Shooter (level 3, -3/30 HPs)
             Began as a Centaur Hunter on May 20, 2017.
             Killed from afar by Natasha (5 damage)
             ... with a magic dart
             ... on level 2 of the Dungeon.
             The game lasted 00:06:12 (1425 turns).

Monsterracer the Shooter (Centaur Hunter)           Turns: 1425, Time: 00:06:13

Health: -3/30      AC:  4    Str: 19    XL:     3   Next: 75%
Magic:  3/3        EV:  9    Int: 10    God:
Gold:   56         SH:  0    Dex: 10    Spells: 2/2 levels left

rFire    . . .     SeeInvis .   a - +1 shortbow
rCold    . . .     Gourm    .   (shield currently unavailable)
rNeg     . . .     Faith    .   i - +0 robe
rPois    .         Spirit   .   (no helmet)
rElec    .         Reflect  .   (no cloak)
rCorr    .         Harm     .   (no gloves)
MR       .....                  (no barding)
Stlth    +.........             (no amulet)
Regen    0.1/turn               (no ring)
MPRegen  0.1/turn               (no ring)

@: mighty, very quick
A: hooves 3, deformed body, speed 2, tough skin 3
a: no special abilities


You were on level 2 of the Dungeon.
You were not hungry.

You visited 1 branch of the dungeon, and saw 2 of its levels.

You collected 56 gold pieces.

Inventory:

Hand Weapons
 a - a +1 shortbow (weapon)
Missiles
 d - 27 arrows (quivered)
Armour
 i - a +0 robe (worn)
Scrolls
 e - a scroll of identify {unknown}
 g - a scroll of enchant armour {unknown}
 h - a scroll of fog {unknown}
Comestibles
 b - 5 fruits
 f - a bread ration


   Skills:
 + Level 2.6 Fighting
 * Level 6.8 Bows
 - Level 1.3 Dodging
 - Level 0.4 Stealth


You had 2 spell levels left.
You didn't know any spells.

Dungeon Overview and Level Annotations

Branches:
Dungeon (2/15)

Altars:

Annotations:
D:2 Natasha


Innate Abilities, Weirdness & Mutations

You have hooves in place of feet.
Armour fits poorly on your strangely shaped body.
You cover ground very quickly.
You have extremely tough skin. (AC +3)


Message History

The magic dart hits you!
* * * LOW HITPOINT WARNING * * *
Firing (i - inventory):
d - 29 arrows (quivered)
Press: ? - help, Shift-Dir - straight line, f/p - Natasha
Aim: Natasha (almost dead)
You shoot an arrow. The arrow hits Natasha.
You kill Natasha!
You hear a faint echoing roar filled with hate and sorrow!
The shadow imp disappears in a puff of smoke!
The crimson imp disappears in a puff of smoke!
You now have 56 gold pieces (gained 9).
You start resting.
Natasha, Servant of Life and Death comes into view.
Firing (i - inventory):
d - 28 arrows (quivered)
Press: ? - help, Shift-Dir - straight line, f - Natasha
Aim: Natasha You shoot an arrow.
The arrow barely misses Natasha.
Natasha stares at you and mumbles some strange words.
The magic dart hits you!
You die...

#<...........## #.....#
.)........##..###h.#
..(.......###......###
..........#....##....#
............#.###.#..####
........#..##......#.....
...######..##............
..## #................
### #.#.....@........
#..............
##....(........
.......(........
.##.....(.......
#.........%...
#..#..(..#.....
$..%####...#..## (##
##(...#


You could see Natasha.

Vanquished Creatures
  Natasha (D:2)
  A worm (D:1)
  A dart slug (D:1)
  A leopard gecko (D:1)
  3 giant cockroaches (D:1)
  5 goblins (D:1)
  4 hobgoblins
  A quokka (D:1)
  3 bats (D:1)
  2 frilled lizards (D:1)
  4 kobolds
  A rat (D:1)
27 creatures vanquished.

Notes
Turn   | Place    | Note
-------+----------+-------------------------------------------
     0 | D:1      | Monsterracer the Centaur Hunter began the quest for the Orb.
     0 | D:1      | Reached XP level 1. HP: 17/17 MP: 1/1
   374 | D:1      | Reached XP level 2. HP: 6/24 MP: 2/2
   608 | D:1      | Reached skill level 6 in Bows
  1101 | D:1      | Reached XP level 3. HP: 18/29 MP: 3/3
  1405 | D:2      | Noticed Natasha
  1418 | D:2      | HP: 1/30 [Natasha/magic dart (4)]
  1419 | D:2      | Killed Natasha
  1425 | D:2      | Noticed Natasha
  1425 | D:2      | Killed from afar by Natasha

Vault maps used:
D:1:      mushboom_english_gardens
D:2:      overflow_temple_1_default, uniq_crazy_yiuf_cottage, uniq_natasha

Skill      XL: |  1  2 |
---------------+-------+-----
Bows           | 6 |  6.8
Fighting       | |  2.6
Dodging        | |  1.3
Stealth        | |  0.4

Action                   || total
-------------------------++-------
Melee: Short sword       ||    71
       Shortbow          ||    11
       Kick              ||    14
       Unarmed           ||     7
 Fire: Shortbow          ||    25
  Use: Potion            ||     3
  Eat: Chunk             ||     1
Armor: Leather armour    ||    44
Dodge: Dodged            ||    51
